cohdb
Replays
Latest Replays
All Replays
Popular Replays
Top Player Replays
Match Explorer
How It Works
Community
CoH3 Stats
Reddit
Sign in to upload your games and track your stats! →
Sign in with Steam
Match 46355516
Unlisted
Match 46355516
Overview
Messages
Build Orders
End
Selects Special Operations Battlegroup
Selects M29 Weasel Recon Vehicle
M29 Weasel Recon Vehicle
Construct Barracks
Riflemen Squad
Riflemen Squad
Construct Medical Station
Grenade Package
Infantry Support Center
Engineer Squad
Construct Motor Pool
M8 Greyhound Armored Car
Riflemen Squad
M1918 Browning Automatic Rifles
Riflemen Squad
Construct Tank Depot
Selects Mark Vehicle
Selects UNKNOWN (2162291)
M4A1 Sherman Whizbang
Mark Vehicle
DebaKLeTV
Nashorn101
marcmorn
mrpeed
0
0
Comments
sign in to comment!
No comments posted yet!